 Dungeon Crawl Stone Soup version 0.29.1-1-gd02db6906a (webtiles) character file.

Game seed: 12857480467377126693

42280 xian the Gelid (level 14, 0/93 HPs)
             Began as a Merfolk Ice Elementalist on Oct 21, 2022.
             Was an Initiate of Gozag.
             Shot with an arrow by Nessos (6 damage)
             ... on level 5 of the Lair of Beasts.
             The game lasted 01:09:40 (24513 turns).

xian the Gelid (Merfolk Ice Elementalist)          Turns: 24513, Time: 01:09:50

Health: 0/93       AC: 24    Str:  8    XL:     14   Next: 19%
Magic:  11/30      EV: 23    Int: 19    God:    Gozag
Gold:   3147       SH:  5    Dex: 15    Spells: 26/38 levels left

rFire   . . .      SeeInvis .   j - +4 rapier (flame)
rCold   . . .      Faith    .   (no shield)
rNeg    . . .      Spirit   .   s - +2 leather armour {rPois}
rPois   +          Reflect  +   B - +2 helmet
rElec   .          Harm     .   u - +0 cloak
rCorr   .          Rampage  .   K - +2 pair of gloves {infuse}
Will    +....                   R - +2 pair of boots
Stlth   +++.......              O - amulet of reflection
HPRegen 0.25/turn               N - ring of the Hare {EV+8}
MPRegen 0.22/turn               Y - ring of the Tortoise {AC+8}

@: lethally poisoned (0 -> -7), gold aura
A: (nimble swimmer 2), mertail
a: Renounce Religion, Potion Petition, Call Merchant, Bribe Branch


You were on level 5 of the Lair of Beasts.
You worshipped Gozag.
Gozag was most pleased with you.
You visited 2 branches of the dungeon, and saw 15 of its levels.
You also visited: Bailey and Ice Cave.

You collected 4885 gold pieces.
You spent 1738 gold pieces at shops.

Inventory:

Hand Weapons
 j - a +4 rapier of flaming (weapon)
 J - the +0 staff of Battle
   (You acquired it in a bailey)

   It enhances your conjuration magic.
   It summons a battlesphere in combat, with strength depending on Conjurations
   skill.
   Its strikes trigger the battlesphere's blasts.
 P - the +7 long sword of Plunder {antimagic, rElec rPois rC- rN+}
   (You found it on level 3 of the Lair of Beasts)

   It reduces the magical energy of the wielder, and disrupts the spells and
   magical abilities of those it strikes.
   Natural abilities and divine invocations are not affected.
   rC:        It makes you vulnerable to cold.
   rElec:     It insulates you from electricity.
   rPois:     It protects you from poison.
   rN:        It protects you from negative energy.
 X - the +4 whip of the Fabulous God {holy, Will+ Dex+4}
   (You found it on level 1 of the Lair of Beasts)

   It has been blessed by the Shining One to cause great damage to the undead
   and demons.
   Dex:       It affects your dexterity (+4).
   Will:      It increases your willpower.
Missiles
 t - 4 throwing nets
Armour
 s - a +2 leather armour of poison resistance (worn)
 u - a +0 cloak (worn)
 v - a +0 troll leather armour
 A - an orb of energy
 B - a +2 helmet (worn)
 K - a +2 pair of gloves of infusion (worn)
 L - a +2 ring mail of cold resistance
 R - a +2 pair of boots (worn)
 W - a +0 hat of willpower
Jewellery
 f - a ring of positive energy
 q - an amulet of guardian spirit
 E - a ring of flight
 M - a ring of fire
 N - the ring of the Hare (left hand) {EV+8}
   (You bought it in a shop on level 1 of the Dungeon)

   [ring of evasion]

   EV:        It affects your evasion (+8).
 O - an amulet of reflection (around neck)
 Q - a +6 ring of intelligence
 Y - the ring of the Tortoise (right hand) {AC+8}
   (You found it on level 1 of the Lair of Beasts)

   [ring of protection]

   AC:        It affects your AC (+8).
Wands
 D - a wand of iceblast (36)
 I - a wand of charming (23)
 S - a wand of mindburst (4)
 U - a wand of digging (10)
 Z - a wand of flame (5)
Scrolls
 a - 7 scrolls of butterflies {unknown}
 c - 3 scrolls of poison
 d - a scroll of enchant weapon
 g - 2 scrolls of fear
 k - 2 scrolls of magic mapping
 l - 2 scrolls of brand weapon
 n - a scroll of immolation
 o - a scroll of amnesia
 r - 4 scrolls of blinking
 w - 2 scrolls of enchant armour
 x - 4 scrolls of teleportation
 y - a scroll of summoning
Potions
 b - 2 potions of magic
 e - 4 potions of brilliance
 h - 2 potions of curing
 i - 2 potions of berserk rage
 m - 2 potions of flight
 p - 2 potions of cancellation
 z - 4 potions of invisibility
 C - 2 potions of heal wounds
 F - a potion of ambrosia
 G - 3 potions of mutation
 H - a potion of lignification
 T - 2 potions of haste
 V - a potion of might


   Skills:
 + Level 3.0 Fighting
 + Level 3.9 Short Blades
 + Level 0.4 Staves
 + Level 2.8 Throwing
 + Level 3.8 Armour
 + Level 7.7 Dodging
 + Level 4.6 Stealth
 + Level 3.0 Shields
 + Level 12.9 Spellcasting
 + Level 0.5 Conjurations
 + Level 0.2 Fire Magic
 + Level 15.0 Ice Magic
 * Level 10.8 Evocations


You had 26 spell levels left.
You knew the following spells:

 Your Spells              Type           Power      Damage    Failure   Level
a - Freeze                Ice            100%       1d11      0%          1
b - Frozen Ramparts       Ice            100%       1d16      1%          3
c - Ozocubu's Armour      Ice            62%        N/A       1%          3
d - Hailstorm             Conj/Ice       42%        3d10      3%          4
e - Foxfire               Conj/Fire      52%        2x1d6     7%          1

Your spell library contained the following spells:

 Spells                   Type           Power      Damage    Failure   Level
 Ensorcelled Hibernation  Hex/Ice        80%        N/A       1%          2
 Apportation              Tloc           24%        N/A       8%          1
 Necrotise                Necr           48%        1d6       8%          1
 Summon Small Mammal      Summ           48%        N/A       8%          1
 Metabolic Englaciation   Hex/Ice        20%        N/A       10%         5
 Poisonous Vapours        Pois/Air       24%        N/A       12%         2
 Sublimation of Blood     Necr           12%        N/A       12%         2
 Wereblood                Tmut           12%        N/A       12%         2
 Conjure Flame            Conj/Fire      13%        6-21      21%         3
 Ignite Poison            Fire/Tmut/Pois 12%        N/A       22%         3
 Inner Flame              Hex/Fire       12%        N/A       22%         3
 Call Canine Familiar     Summ           12%        N/A       24%         3
 Spider Form              Tmut/Pois      12%        N/A       24%         3
 Summon Guardian Golem    Hex/Summ       12%        N/A       24%         3
 Flame Wave               Conj/Fire      13%        2d6       54%         4
 Sticky Flame             Conj/Fire      13%        2d4       54%         4
 Anguish                  Hex/Necr       6%         N/A       61%         4
 Animate Armour           Summ/Erth      24%        N/A       61%         4
 Petrify                  Tmut/Erth      12%        N/A       61%         4
 Blade Hands              Tmut           6%         N/A       91%         5
 Iron Shot                Conj/Erth      6%         9d2       100%        6
 Statue Form              Tmut/Erth      8%         N/A       100%        6
 Summon Hydra             Summ           6%         N/A       100%        7
 Discord                  Hex            6%         N/A       100%        8
 Corpse Rot               Necr/Pois/Air  Unusable   N/A       N/A         4

Dungeon Overview and Level Annotations

Branches:
Dungeon (10/15)            Temple (0/1) D:7            Lair (5/5) D:10
  Swamp (0/4) Lair:2       Spider (0/4) Lair:3        Slime (0/5) Lair:4
    Orc (0/2) D:10         Bailey (visited)           IceCv (visited)

Altars:
Cheibriados
Dithmenos
Elyvilon
Gozag
Makhleb
Nemelex Xobeh
Okawaru
Sif Muna
Trog
Vehumet
Xom
Yredelemnul
The Shining One

Shops:
D:1 =

Annotations:
D:4 exclusion: statue
D:8 5 runed translucent doors, videwesjr's ghost, novice MiBe
Lair:5 Nessos


Innate Abilities, Weirdness & Mutations

((You are very nimble when in or above water. (Stealth+, EV+, Speed+++)))
Your lower body shifts to a powerful aquatic tail in water.


Message History

Unknown command.
Unknown command.
Casting: Frozen Ramparts (safe; 1% risk of failure)
Confirm with . or Enter, or press ? or * to list all spells.
Aiming: Freeze (safe; 0% risk of failure)
Press: ? - help, Shift-Dir - straight line, f - four-headed hydra
Aim: a four-headed hydra You freeze the four-headed hydra!
The four-headed hydra is lightly wounded.
The four-headed hydra seems to slow down.
The wall freezes the death yak but does no damage.
The wall freezes the death yak.
The death yak gores you but does no damage.
The four-headed hydra barely misses you.
The four-headed hydra completely misses you.
The four-headed hydra closely misses you.
You block the four-headed hydra's attack.
Blink to where?
Press: ? - help, Dir - move target, p - four-headed hydra Your icy armour and frozen ramparts will break if you move.
Continue?
Your icy armour cracks and falls away as you move.
The frozen ramparts melt away as you move.
As you read the scroll of blinking, it crumbles to dust.
Nessos shoots an arrow.
The arrow hits you!!
* * * LOW HITPOINT WARNING * * *
The arrow burns you.
* * * LOW HITPOINT WARNING * * *
Nessos shoots an arrow.
The arrow hits you but does no damage.
The death yak is no longer distracted by gold.
Nessos shouts, "I'm half human!
Half horse!
And all stone-cold KILLER!"
Nessos shoots an arrow.
The arrow misses you. The death yak attacks as you move away!
The death yak gores you but does no damage.
Nessos shoots an arrow.
The arrow hits you but does no damage.
Nessos shoots an arrow.
The arrow hits you!
* * * LOW HITPOINT WARNING * * *
The arrow burns you.
You are lethally poisoned!
You die...
Your body crumbles into a pile of gold.

###..###........
#P.............
#............c.
#######..........Y.
.##.#..#.....$###.[..
..P.......D$Y## .#..
.........cY#### ##.
............#.#
...........#@#
#.##.###....## #
#.#####...## ##
#.....#.#. #
#..........P .#
##...#...... ..##
#...#..#...#
....######.#..#.#...#
.....##...######..###


You could see a death yak, Nessos (fast) and a four-headed hydra (slow).

Vanquished Creatures
  Gastronok (Lair:1)
  The ghost of funnyparkerb the Warrior, a journeyman MfMo of Jiyva (Lair:3)
  6 hydras
  2 boulder beetles (Lair:1)
  A catoblepas (Lair:5)
  A two-headed ogre (D:9)
  3 death yaks (Lair:5)
  2 lindwurms (Lair:1)
  An orc sorcerer (Bailey)
  An orc knight (Bailey)
  An ugly thing (D:9)
  4 black mambas
  6 elephants (Lair:3)
  A gargoyle (D:9)
  9 cane toads
  4 rime drakes
  Maggie (D:7)
  A kobold demonologist (Bailey)
  5 komodo dragons
  A tyrant leech (Lair:2)
  2 polar bears
  A hornet (D:10)
  A troll (D:10)
  A tarantella (Lair:1)
  12 blink frogs
  14 dream sheep
  50 yaks
  A vampire (D:10)
  4 wyverns
  2 wraiths (D:10)
  A basilisk (Lair:1)
  2 steam dragons
  2 redbacks (Lair:1)
  A swamp worm (Lair:2)
  Edmund (D:5)
  An acid dragon (D:9)
  8 water moccasins
  16 orc warriors
  2 ice beasts
  A sky beast (D:7)
  3 wolves (D:10)
  3 ogres
  2 centaurs
  10 bullfrogs
  3 kobold brigands
  A scorpion (D:7)
  2 gnoll sergeants
  7 wights
  13 killer bees
  8 electric eels
  4 lava snakes (Lair:1)
  6 hounds
  8 orc priests
  3 gnoll boudas
  3 iguanas
  3 orc wizards
  26 gnolls
  5 adders
  A shadow imp (D:5)
  3 white imps
  4 worms
  2 dart slugs
  74 orcs
  4 endoplasms
  A giant cockroach (D:1)
  30 goblins
  17 hobgoblins
  A quokka (D:1)
  15 ball pythons
  6 bats
  5 frilled lizards
  21 kobolds
  10 rats
479 creatures vanquished.

Vanquished Creatures (others)
  A wight (D:8)
  2 kobolds (D:9)
  A bush (Lair:3)
  8 foxfires (Bailey)
  8 fungi
  12 plants
32 creatures vanquished.

Grand Total: 511 creatures vanquished

Notes
Turn   | Place    | Note
-------+----------+-------------------------------------------
     0 | D:1      | xian the Merfolk Ice Elementalist began the quest for the
                  | Orb.
     0 | D:1      | Reached XP level 1. HP: 13/13 MP: 3/3
   364 | D:1      | Reached XP level 2. HP: 17/19 MP: 0/5
   962 | D:1      | Reached XP level 3. HP: 25/25 MP: 2/6
  1066 | D:1      | Learned a level 3 spell: Frozen Ramparts
  1091 | D:1      | Found Onaured's Jewellery Boutique.
  1469 | D:2      | Reached skill level 5 in Ice Magic
  2122 | D:3      | Reached XP level 4. HP: 23/31 MP: 4/8
  2225 | D:3      | Learned a level 3 spell: Ozocubu's Armour
  2333 | D:3      | Found a glowing golden altar of the Shining One.
  2671 | D:3      | Found a faded altar of an unknown god.
  2709 | D:3      | Prayed at the altar of an unknown god.
  2709 | D:3      | Became a worshipper of Gozag Ym Sagoz the Greedy
  3105 | D:3      | Found a shimmering altar of Xom.
  3105 | D:3      | Found a faded altar of an unknown god.
  3113 | D:3      | Found a snail-covered altar of Cheibriados.
  3115 | D:3      | Found a basalt altar of Yredelemnul.
  3117 | D:3      | Found a sparkling altar of Nemelex Xobeh.
  3310 | D:4      | Reached XP level 5. HP: 19/36 MP: 2/9
  3496 | D:4      | Found an iron altar of Okawaru.
  3510 | D:4      | Found a shimmering blue altar of Sif Muna.
  3679 | D:4      | Found an opulent altar of Gozag.
  3857 | D:4      | Reached skill level 1 in Short Blades
  4270 | D:4      | Reached XP level 6. HP: 42/42 MP: 6/11
  4446 | D:4      | Reached skill level 1 in Armour
  4750 | D:4      | Found a radiant altar of Vehumet.
  5058 | D:5      | Entered Level 5 of the Dungeon
  5061 | D:5      | Reached skill level 6 in Ice Magic
  5219 | D:5      | Reached skill level 1 in Evocations
  5222 | D:5      | Noticed an ice beast
  5250 | D:5      | Killed an ice beast
  5259 | D:5      | Reached XP level 7. HP: 16/47 MP: 0/13
  6244 | D:5      | Noticed Edmund
  6253 | D:5      | Killed Edmund
  6551 | D:6      | Learned a level 4 spell: Hailstorm
  6558 | D:6      | You fall into a shaft and drop 1 floor!
  6617 | D:7      | Noticed Maggie
  6626 | D:7      | Reached skill level 5 in Spellcasting
  6626 | D:7      | Reached skill level 7 in Ice Magic
  6626 | D:7      | Reached XP level 8. HP: 50/53 MP: 4/15
  6635 | D:7      | Killed Maggie
  7454 | D:7      | Found a shadowy altar of Dithmenos.
  7590 | D:7      | Noticed a wyvern
  7607 | D:7      | Killed a wyvern
  7608 | D:7      | Reached skill level 8 in Ice Magic
  7717 | D:7      | Reached XP level 9. HP: 56/58 MP: 12/18
  7993 | D:7      | Found a staircase to the Ecumenical Temple.
  8273 | D:8      | Found a flagged portal.
  8284 | Bailey   | Entered a bailey
  8807 | Bailey   | Noticed an orc sorcerer
  8816 | Bailey   | Reached skill level 1 in Fighting
  8816 | Bailey   | Reached skill level 1 in Throwing
  8820 | Bailey   | Killed an orc sorcerer
  8933 | Bailey   | Acquired the +0 staff of Battle
  8933 | Bailey   | Found the +0 staff of Battle
  8941 | Bailey   | Learned a level 1 spell: Foxfire
  8961 | Bailey   | HP: 2/59 [orc warrior/+0 war axe (10)]
  9278 | Bailey   | Found an iron altar of Okawaru.
  9278 | Bailey   | Noticed a kobold demonologist
  9285 | Bailey   | Noticed a smoke demon
  9285 | Bailey   | Killed a kobold demonologist
  9290 | Bailey   | Reached skill level 5 in Evocations
  9339 | Bailey   | Got the Omnibus of Mercurial Hexing
  9430 | Bailey   | Noticed an orc knight
  9450 | Bailey   | Killed an orc knight
  9725 | Bailey   | Reached XP level 10. HP: 58/67 MP: 14/20
  9736 | Bailey   | Reached skill level 9 in Ice Magic
 10110 | Bailey   | Reached skill level 5 in Dodging
 11377 | D:8      | Reached skill level 10 in Ice Magic
 11534 | D:8      | Found a runed translucent gate.
 11534 | D:8      | Found a runed translucent gate.
 11534 | D:8      | Found a runed translucent gate.
 11536 | D:8      | Found an opulent altar of Gozag.
 11539 | D:8      | Noticed a cyclops
 11540 | D:8      | Noticed videwesjr's ghost (novice MiBe)
 11555 | D:8      | Found a large runed translucent door.
 11556 | D:8      | Found a large runed translucent door.
 11671 | D:8      | Found a white marble altar of Elyvilon.
 11970 | D:8      | Reached XP level 11. HP: 62/73 MP: 7/23
 12572 | D:1      | Bought the ring of the Hare {EV+8} for 1408 gold pieces
 12572 | D:1      | Found the ring of the Hare {EV+8}
 12573 | D:1      | Bought an amulet of reflection for 330 gold pieces
 13937 | D:9      | Noticed a two-headed ogre
 13959 | D:9      | Killed a two-headed ogre
 14107 | D:9      | Noticed a white ugly thing
 14128 | D:9      | Killed a white ugly thing
 14129 | D:9      | Reached skill level 11 in Ice Magic
 14623 | D:9      | Found a burning altar of Makhleb.
 14623 | D:9      | Noticed a balrug
 14766 | D:10     | Entered Level 10 of the Dungeon
 15229 | D:10     | Found a staircase to the Lair.
 15929 | D:10     | Found a staircase to the Orcish Mines.
 16257 | D:10     | Found a bloodstained altar of Trog.
 16525 | Lair:1   | Entered Level 1 of the Lair of Beasts
 16579 | Lair:1   | Found a runed translucent door.
 16592 | Lair:1   | Reached skill level 10 in Spellcasting
 16708 | Lair:1   | Found a frozen archway.
 16732 | IceCv    | Entered an ice cave
 16732 | IceCv    | Noticed a white ugly thing
 16742 | IceCv    | Found a transporter.
 16747 | IceCv    | Found a transporter.
 17051 | Lair:1   | Reached XP level 12. HP: 80/80 MP: 22/26
 17576 | Lair:1   | Noticed Gastronok
 17603 | Lair:1   | Killed Gastronok
 17604 | Lair:1   | Reached skill level 12 in Ice Magic
 18546 | Lair:1   | Identified the +4 whip of the Fabulous God {holy, Will+
                  | Dex+4}
 18547 | Lair:1   | Found a runed translucent gate.
 18547 | Lair:1   | Found a runed translucent gate.
 18547 | Lair:1   | Found a runed translucent gate.
 18547 | Lair:1   | Found a runed translucent gate.
 18547 | Lair:1   | Found a runed translucent gate.
 18547 | Lair:1   | Found a runed translucent gate.
 18547 | Lair:1   | Noticed a boulder beetle
 18554 | Lair:1   | Noticed a boulder beetle
 18569 | Lair:1   | Found the ring of the Tortoise {AC+8}
 18596 | Lair:1   | Killed a boulder beetle
 18603 | Lair:1   | Killed a boulder beetle
 18669 | Lair:1   | Reached skill level 1 in Shields
 19093 | Lair:2   | Noticed a seven-headed hydra
 19103 | Lair:2   | Killed a seven-headed hydra
 19408 | Lair:2   | Noticed an eight-headed hydra
 19422 | Lair:2   | Killed an eight-headed hydra
 19716 | Lair:2   | Found a staircase to the Swamp.
 19716 | Lair:2   | Noticed a four-headed hydra
 19735 | Lair:2   | Killed a four-headed hydra
 19736 | Lair:2   | Reached skill level 13 in Ice Magic
 20273 | Lair:2   | Reached XP level 13. HP: 10/85 MP: 5/28
 21179 | Lair:3   | HP: 4/85 [polar bear (23)]
 21693 | Lair:3   | Found a runed translucent gate.
 21695 | Lair:3   | Found a runed translucent gate.
 21695 | Lair:3   | Noticed funnyparkerb's ghost (journeyman MfMo)
 21696 | Lair:3   | Found a runed translucent gate.
 21722 | Lair:3   | Killed funnyparkerb's ghost
 21752 | Lair:3   | Identified the +7 long sword of Plunder {antimagic, rElec
                  | rPois rC- rN+}
 21959 | Lair:3   | Found a hole to the Spider Nest.
 22201 | Lair:3   | Reached skill level 10 in Evocations
 22401 | Lair:3   | Reached skill level 14 in Ice Magic
 22922 | Lair:4   | Found a staircase to the Slime Pits.
 23819 | Lair:5   | Entered Level 5 of the Lair of Beasts
 24142 | Lair:5   | Reached XP level 14. HP: 93/93 MP: 17/30
 24490 | Lair:5   | Noticed Nessos
 24507 | Lair:5   | Reached skill level 15 in Ice Magic
 24513 | Lair:5   | Shot with an arrow by Nessos

Illustrated notes

Levels and vault maps discovered:
D:1:      enne_arrival_octagon_isle, layout_basic, serial_shops, shop
D:2:      layout_loops_ring, amcnicky_mini_rare_corridor_liquid
D:3:      layout_rooms, chequers_temple_overflow_minitemple, tso_metal_star,
          serial_co_window_serial, co_window_cross_1, co_window_corner_a,
          co_window_paths_a, co_window_of_opportunity_a,
          co_window_of_opportunity_a, co_window_of_opportunity_a,
          co_window_cross_1, co_window_unsneaky_path_e, co_window_cross_2,
          co_window_unsneaky_path_e, co_window_cross_4, glass_columns_a,
          glass_columns_a, glass_columns_a, glass_columns_b, glass_columns_c,
          shapermc_ecumenical_altar_pompeii
D:4:      corexii_shantytown, layout_basic, nicolae_overflow_hidden_temple,
          nicolae_sif_muna_condensation, vehumet_statue
D:5:      layout_loops_cross, uniq_edmund
D:6:      layout_basic
D:7:      layout_basic, kennysheep_little_box, minmay_temple_entry_fiery,
          uniq_maggie
D:8:      layout_gridville, elyvilon_altar_3, jmf_multi_god_temple2,
          special_room [special_room_orc], enter_bailey_2, ebering_ghost_gozag
D:9:      layout_stronghold, makhleb_altar_promises_db, minmay_misc_feat_roman
D:10:     layout_loops_corners, amcnicky_altar_gilded, erik_lair_island,
          hiddenorc1_lemuel
Lair:1:   gammafunk_indiana_jones, layout_layer_cave, portal_ice_cave_rime,
          uniq_gastronok
Lair:2:   layout_regular_city, palyth_hydra_swamp_entry, serial_bayou_shore_a
Lair:3:   dreamdust_cave_troll, layout_loops_ring, dummy_spider_entry,
          gammafunk_ghost_hydra_chop, grunt_megastairs_3,
          infiniplex_staircase_pool_2
Lair:4:   layout_long_grid, slime_entry_1, kennysheep_catoblepas_arena,
          serial_bayou_shore_b
Lair:5:   evilmike_catoblepas_cave, layout_layer_cave, lemuel_fruit_fields,
          uniq_kirke, uniq_nessos

Skill      XL: |  1  2  3  4  5  6  7  8  9 10 11 12 13 14 |
---------------+-------------------------------------------+-----
Dodging        | 3 4 5 6 7 |  7.7
Ice Magic      | 5 6 7 8 10 11 13 14 15 | 15.0
Spellcasting   | 3 4 5 6 7 8 10 11 12 | 12.9
Short Blades   | 1 2 3 |  3.9
Armour         | 1 2 3 |  3.8
Evocations     | 1 2 4 5 6 8 9 10 | 10.8
Stealth        | 3 4 |  4.6
Fighting       | 1 2 3 |  3.0
Throwing       | 2 |  2.8
Shields        | 1 2 3 |  3.0
Staves         | |  0.4
Conjurations   | |  0.5
Fire Magic     | |  0.2

Action                   |  1- 3 |  4- 6 |  7- 9 | 10-12 | 13-15 || total
-------------------------+-------+-------+-------+-------+-------++-------
Melee: Unarmed           |     8 |       |       |       |       ||     8
       Dagger            |    12 |    54 |    53 |       |       ||   119
       Tailslap          |       |     1 |       |     1 |       ||     2
       Staff             |       |       |     8 |       |       ||     8
       Rapier            |       |       |     5 |   161 |    60 ||   226
       Punch             |       |       |     1 |     1 |       ||     2
Throw: Dart              |       |       |    29 |    21 |       ||    50
 Cast: Freeze            |    54 |    70 |    91 |   369 |   231 ||   815
       Frozen Ramparts   |     1 |    11 |    17 |    62 |    38 ||   129
       Ozocubu's Armour  |       |     2 |    10 |    35 |    10 ||    57
       Foxfire           |       |       |     6 |       |       ||     6
       Hailstorm         |       |       |       |     2 |       ||     2
  Use: Scroll            |       |     8 |     1 |    19 |     5 ||    33
       Potion            |       |       |     4 |     3 |     1 ||     8
 Stab: Sleeping          |     1 |     4 |     3 |     2 |     2 ||    12
       Distracted        |       |       |     1 |       |       ||     1
Armor: Robe              |     6 |       |       |       |       ||     6
       Leather armour    |     5 |    32 |    47 |   184 |   144 ||   412
Dodge: Dodged            |    46 |    85 |   101 |   519 |   328 ||  1079
Block: Other             |       |       |       |    91 |    90 ||   181
       Reflection        |       |       |       |     2 |     1 ||     3
